 Dungeon Crawl Stone Soup version 0.28-a0-1033-g1a2f33fa85 (webtiles) character file.

Game seed: 13194949612716476665

70 ytrimaz the Scratcher (level 4, 0/20 HPs)
             Began as a Felid Transmuter on Dec 7, 2021.
             Slain by a worm (6 damage)
             ... on level 3 of the Dungeon.
             The game lasted 00:03:02 (3632 turns).

ytrimaz the Scratcher (Felid Transmuter)            Turns: 3632, Time: 00:03:02

Health: 0/20       AC:  1    Str:  6    XL:     4   Next: 3%
Magic:  0/9        EV: 17    Int: 16    God:
Gold:   131        SH:  0    Dex: 16    Spells: 4/8 levels left
                                        Lives:  0   Deaths: 1

rFire   . . .      SeeInvis +     - Unarmed
rCold   . . .      Faith    .   (shield unavailable)
rNeg    . . .      Spirit   +   (armour unavailable)
rPois   .          Reflect  .   (helmet unavailable)
rElec   .          Harm     .   (cloak unavailable)
rCorr   .          Rampage  .   (gloves unavailable)
Will    .....                   (boots unavailable)
Stlth   ++........              a - amulet of guardian spirit
HPRegen 0.06/turn               (no ring)
MPRegen 0.11/turn               (no ring)

@: appendages, quick
A: horns 2, very small, claws 1, fangs 3, see invisible, speed 1, shaggy fur 1,
stealthy paws, no weapons or thrown items, no armour, multi-lived
a: End Transformation


You were on level 3 of the Dungeon.
You had temporarily grown beastly horns.
You visited 1 branch of the dungeon, and saw 3 of its levels.

You collected 131 gold pieces.

Inventory:

Jewellery
 a - an amulet of guardian spirit (around neck)
Wands
 e - a wand of iceblast (8) (quivered)
Scrolls
 d - 2 scrolls of identify {unknown}
Potions
 b - a potion of mutation {unknown}
 c - a potion of resistance {unknown}


   Skills:
 * Level 2.3 Fighting
 - Level 2.6 Dodging
 - Level 0.3 Stealth
 + Level 3.9 Unarmed Combat
 + Level 2.9 Spellcasting
 + Level 3.1 Transmutations


You had 4 spell levels left.
You knew the following spells:

 Your Spells              Type           Power      Damage    Failure   Level
a - Beastly Appendage     Tmut           24%        N/A       5%          1
b - Spider Form           Tmut/Pois      7%         N/A       30%         3

Your spell library contained the following spells:

 Spells                   Type           Power      Damage    Failure   Level
 Wereblood                Tmut           12%        N/A       8%          2
 Ice Form                 Ice/Tmut       7%         N/A       69%         4


Dungeon Overview and Level Annotations

Branches:
Dungeon (3/15)

Altars:
Cheibriados
Vehumet
Zin


Innate Abilities, Weirdness & Mutations

You have temporarily grown beastly horns.
You have sharp claws.
You have razor-sharp teeth.
You have supernaturally acute eyesight. (SInv)
You cover ground quickly. (Speed+)
You are covered in fur. (AC +1)
Your paws help you pounce on unaware monsters.
You are incapable of wielding weapons or throwing items.
You cannot wear armour.
You gain extra lives every three experience levels.


Message History

You claw the endoplasm!
You kill the endoplasm!
The worm misses you.
You scratch the worm.
The worm is lightly wounded.
Your horns disappear.
You scratch the worm.
The worm is moderately wounded.
The worm bites you!
You are too injured to fight recklessly!
You are too injured to fight recklessly!
Unknown command.
You scratch the worm.
The worm is moderately wounded.
You scratch the worm.
The worm is heavily wounded.
The worm barely misses you.
You barely miss the worm.
The worm is moderately wounded.
You scratch the worm. Your bite misses the worm.
The worm is heavily wounded.
The worm barely misses you.
You scratch the worm.
The worm is severely wounded.
The worm bites you!
* * * LOW HITPOINT WARNING * * *
Unknown command.
There is a snail-covered altar of Cheibriados here.
Casting: Beastly Appendage (safe; 5% risk of failure)
Confirm with . or Enter, or press ? or * to list all spells.
You grow a pair of large bovine horns.
You scratch the worm.
The worm is moderately wounded.
The worm completely misses you.
You scratch the worm. You bite the worm.
The worm is severely wounded.
You scratch the worm.
The worm is almost dead.
The worm bites you!
You die...

#.....# #. #.
#.....# #.
#.###.....######
##.
#...............
##.8
#............###.
#...
#......_.........
#.8.
##...........###
#...
#.....w.....#
#.8.
####..@..####
#... #.....# ##.8
#.....# ##.
###.#.# ## #...#
#### ###.# ....
#.# ###########
#.# #..........
#.####†#########


You could see a worm.

Vanquished Creatures
  Jessica (D:2)
  Terence (D:2)
  A mummy (D:3)
  3 dart slugs (D:2)
  2 orcs (D:3)
  5 bats
  5 endoplasms
  2 giant cockroaches (D:1)
  7 hobgoblins
  8 kobolds
  2 quokkas
  6 ball pythons
  3 frilled lizards (D:1)
  2 goblins
  4 rats
52 creatures vanquished.

Notes
Turn   | Place    | Note
-------+----------+-------------------------------------------
     0 | D:1      | ytrimaz the Felid Transmuter began the quest for the Orb.
     0 | D:1      | Reached XP level 1. HP: 9/9 MP: 4/4
   430 | D:1      | Reached XP level 2. HP: 12/12 MP: 3/6
  1582 | D:2      | Reached XP level 3. HP: 15/15 MP: 4/7
  1586 | D:2      | Learned a level 3 spell: Spider Form
  1673 | D:2      | Noticed Jessica
  1686 | D:2      | Killed Jessica
  1938 | D:2      | Noticed Terence
  1949 | D:2      | Killed Terence
  1950 | D:2      | Reached XP level 4. HP: 14/19 MP: 4/9
  2048 | D:2      | Found a radiant altar of Vehumet.
  3183 | D:3      | Killed from afar by an orc wizard
  3184 | D:3      | Reached XP level 3. HP: -2/16 MP: 0/8
  3493 | D:3      | Found a glowing silver altar of Zin.
  3574 | D:3      | Found a snail-covered altar of Cheibriados.
  3586 | D:3      | Reached XP level 4. HP: 16/20 MP: 6/9
  3632 | D:3      | Slain by a worm

Illustrated notes

Levels and vault maps discovered:
D:1:      dpeg_arrival_boxorama, layout_basic
D:2:      layout_loops_corners, basic_altar, uniq_terence, uniq_jessica
D:3:      layout_loops_ring, slow_altar_1, zin_statuary

Skill      XL: |  1  2  3 |
---------------+----------+-----
Fighting       | 2 |  2.3
Transmutations | 3 |  3.1
Dodging        | |  2.6
Stealth        | |  0.3
Unarmed Combat | |  3.9
Spellcasting   | |  2.9

Action                   |  1- 3 |  4- 6 || total
-------------------------+-------+-------++-------
Melee: Unarmed           |   102 |    57 ||   159
       Headbutt          |     9 |     7 ||    16
       Bite              |     6 |     7 ||    13
 Cast: Beastly Appendage |    19 |     9 ||    28
       Spider Form       |     2 |       ||     2
Evoke: Wand              |     2 |       ||     2
  Use: Scroll            |     2 |     1 ||     3
 Stab: Sleeping          |     2 |     1 ||     3
Armor: Skin              |     3 |     1 ||     4
Dodge: Dodged            |    88 |    29 ||   117

Table legend: (Time is in decaauts)
 A = Elapsed time spent in this place.
 B = Non-inter-level travel time spent in this place.
 C = Inter-level travel time spent in this place.
 D = Time resting spent in this place.
 E = Time spent auto-exploring this place.
 F = Levels seen in this place.
 G = Mean time per level.
                   A        B        C        D        E       F      G
               +--------+--------+--------+--------+--------+-----+--------+
         Total |   3215 |   3151 |     64 |      2 |   2698 |   3 | 1071.7 |
       Dungeon |   3215 |   3151 |     64 |      2 |   2698 |   3 | 1071.7 |
               +--------+--------+--------+--------+--------+-----+--------+

Top non-repeatable levels by time:
     D:1: 1402 daAuts
     D:2: 1305 daAuts
     D:3: 507 daAuts
